 Dungeon Crawl Stone Soup version bcrawl-1.39.1 (webtiles) character file.

Game seed: 6718373265520919282

129574 kosoiffoigrumme1174 the Ducker (level 4, -4/27 HPs)
             Began as a Vine Stalker Chaos Knight on Aug 7, 2023.
             Was a Plaything of Xom.
             Slain by Purgy the yak (15 damage)
             ... in a sewer.
             The game lasted 00:02:43 (1789 turns).

kosoiffoigrumme1174 the Ducker (VSCK)               Turns: 1789, Time: 00:02:44

Health: -4/27      AC:  5    Str: 15    XL:     4   Next: 40%
Magic:  5/5        EV: 13    Int: 12    God:    Xom [*.....]
Gold:   170        SH:  4    Dex: 16    Spells: 3/3 levels left

rFire    . . .     GDR:     28% a - +0 hand axe (chaos)
rCold    . . .     SeeInvis .   (no shield)
rNeg     . . .     Gourm    .   n - +2 leather armour
rPois    .         Faith    .   (helmet restricted)
rElec    .         Spirit   .   (no cloak)
rCorr    .         Reflect  .   (no gloves)
MR       .....                  (no boots)
Stlth    +.........             (no amulet)
HPRegen  0.54/turn              (no ring)
MPRegen  0.09/turn              (no ring)

@: about to teleport, drained
A: antennae 2, fangs 2, large bone plates 1, agile 1, regeneration 1, no potion
heal 3, rot immunity, strong jaws
a: Renounce Religion


You were in a sewer.
You worshipped Xom.
You were a special plaything of Xom.
You were not hungry.

You visited 1 branch of the dungeon, and saw 3 of its levels.
You also visited: Sewer.

You collected 170 gold pieces.

Inventory:

Hand Weapons
 a - a +0 hand axe of chaos (weapon)
 b - a +0 hunting sling
 r - a cursed -3 dagger
Missiles
 f - 220 stones (quivered)
 q - 321 sling bullets
Armour
 n - a +2 leather armour (worn)
 p - a +0 helmet
Jewellery
 j - a +3 amulet of reflection {unknown}
 s - an uncursed amulet of the gourmand {unknown}
Scrolls
 c - 8 scrolls of teleportation
 h - 3 scrolls of blinking {unknown}
 i - 2 scrolls of identify
 k - a scroll of enchant weapon {unknown}
 o - 2 scrolls of fog {unknown}
 v - a scroll of remove curse {unknown}
Potions
 d - a potion of resistance {unknown}
 g - 2 potions of brilliance {unknown}
 l - a potion of haste {unknown}
 m - a potion of ambrosia {unknown}
 t - 2 potions of flight {unknown}
 u - a potion of degeneration {unknown}
 w - a potion of curing {unknown}
Comestibles
 e - 6 rations {!d}


   Skills:
 - Level 2.6(1.6) Fighting
 - Level 2.6(1.6) Axes
 - Level 0.7(0.0) Armour
 + Level 3.8(2.8) Dodging
 + Level 2.6(1.6) Unarmed Combat


You had 3 spell levels left.
You didn't know any spells.
Your spell library was empty.

Dungeon Overview and Level Annotations

Branches:
Dungeon (3/12)

Altars:
Yredelemnul

Annotations:
Sewer Purgy


Innate Abilities, Weirdness & Mutations

You have extremely sharp teeth.
Your natural rate of healing is unusually fast.
Potions cannot restore your health.
You are immune to rotting.
Your bites deal extra damage.
You have a pair of antennae on your head.
You are partially covered in large bone plates. (SH +4)
You are agile. (Dex +2)


Message History

You hit Purgy.
Purgy is lightly wounded.
Purgy bites you! Purgy claws you but does no damage. Purgy barely misses you.
You hit Purgy but do no damage. Purgy bites you but does no damage.
You block Purgy's attack. Purgy misses you. Purgy bites you.
You block Purgy's attack. Purgy claws you.
You hit Purgy. You burn Purgy.
Purgy is lightly wounded.
You block Purgy's attack. Purgy claws you but does no damage.
Purgy barely misses you.
You hit Purgy. You freeze Purgy.
Purgy is lightly wounded.
Purgy bites you. Purgy barely misses you. x2
As you read the scroll of teleportation, it crumbles to dust.
You feel strangely unstable. "This might be better!"
Purgy evaporates and reforms as a yak!
Purgy gores you!
Ouch! That really hurt!
You die...
Xom howls with laughter!

≈≈≈≈≈≈≈≈≈≈∩##
#...#######≈≈≈≈
#≈≈≈≈≈≈≈≈≈∩.# #####
#.≈≈≈≈ #≈≈≈≈≈≈≈≈≈###
###.≈≈ ##≈≈≈≈≈≈≈##
###≈≈≈ #≈≈≈≈≈≈≈.# #..≈≈≈
#≈≈≈≈≈≈≈≈≈≈ ###≈≈≈≈≈
≈≈≈≈≈≈≈≈≈≈### ##.#≈≈≈≈≈
≈≈≈≈≈≈≈≈≈≈≈.##
##≈.≈≈≈≈≈≈ ≈≈≈≈
≈≈≈≈≈≈≈@# ###≈≈≈≈≈≈≈≈≈
≈≈≈≈≈≈≈Y#####.≈≈≈≈≈≈≈≈≈≈
≈≈≈≈≈≈≈≈#.##≈≈≈≈≈≈≈≈≈≈≈≈
≈≈≈≈≈≈≈≈....≈≈≈≈≈≈≈≈≈≈≈≈
≈≈≈≈≈≈≈≈≈≈≈≈≈≈≈≈≈≈≈≈≈≈≈≈
≈≈≈≈≈≈≈≈≈≈≈≈≈≈≈≈≈≈≈≈≈≈≈≈
≈≈≈≈≈≈≈≈≈≈≈≈≈≈≈≈≈≈≈≈≈#≈#
≈≈≈≈≈≈≈≈≈≈≈≈≈≈≈≈≈≈≈≈##
≈≈≈≈≈≈≈≈≈≈≈≈≈≈≈≈≈≈≈≈#


You could see Purgy the yak (confused).

Vanquished Creatures
  6 worms
  4 dart slugs (D:1)
  A leopard gecko (D:2)
  3 ball pythons (Sewer)
  3 giant cockroaches (D:1)
  4 goblins
  5 hobgoblins
  4 jackals (D:1)
  8 kobolds
  5 bats (D:1)
  5 frilled lizards
  5 rats
53 creatures vanquished.

Vanquished Creatures (collateral kills)
  A frilled lizard (Sewer)
1 creature vanquished.

Grand Total: 54 creatures vanquished

Notes
Turn   | Place    | Note
-------+----------+-------------------------------------------
     0 | D:1      | kosoiffoigrumme1174 the Vine Stalker Chaos Knight began the
                  | quest for the Orb.
     0 | D:1      | Reached XP level 1. HP: 13/13 MP: 2/2
    43 | D:1      | XOM: harmless Fire miscast
    69 | D:1      | Reached skill level 1 in Unarmed Combat
    69 | D:1      | Reached XP level 2. HP: 18/18 MP: 3/3
   242 | D:1      | Reached skill level 3 in Dodging
   266 | D:1      | Reached XP level 3. HP: 22/22 MP: 4/4
   461 | D:1      | XOM: 3-stop teleportation journey
   772 | D:2      | XOM: give mutations
   772 | D:2      | Gained mutation: You have a pair of small antennae on your
                  | head. [Xom's grace]
   772 | D:2      | Gained mutation: You are agile. (Dex +2) [Xom's grace]
   772 | D:2      | Gained mutation: You have a pair of antennae on your head.
                  | [Xom's grace]
   772 | D:2      | Gained mutation: You are partially covered in large bone
                  | plates. (SH +4) [Xom's grace]
   840 | D:2      | Found a basalt altar of Yredelemnul.
  1241 | D:2      | Reached XP level 4. HP: 27/27 MP: 5/5
  1248 | D:2      | XOM: 9-stop teleportation journey
  1262 | D:2      | XOM: cloud trail
  1477 | D:2      | XOM: draining
  1607 | D:3      | Found a glowing drain.
  1676 | Sewer    | Entered a sewer
  1758 | Sewer    | Noticed Purgy
  1759 | Sewer    | XOM: enchant monster (good)
  1774 | Sewer    | XOM: mild Chrm miscast
  1789 | Sewer    | Noticed Purgy
  1789 | Sewer    | Purgy changed into Purgy the yak
  1789 | Sewer    | XOM: polymorph Purgy -> Purgy the yak
  1789 | Sewer    | Slain by Purgy the yak

Skill      XL: |  1  2  3 |
---------------+----------+-----
Unarmed Combat | 1 2 |  2.6
Dodging        | 3 |  3.8
Fighting       | |  2.6
Axes           | |  2.6
Armour         | |  0.7

Action                   |  1- 3 |  4- 6 || total
-------------------------+-------+-------++-------
Melee: Hand axe          |    75 |     4 ||    79
       Bite              |     6 |       ||     6
       Punch             |     1 |       ||     1
 Fire: Hunting sling     |    49 |    46 ||    95
  Use: Scroll            |       |     1 ||     1
  Eat: Chunk             |     4 |     2 ||     6
       Ration            |       |     1 ||     1
Armor: Leather armour    |    27 |     4 ||    31
Dodge: Dodged            |    51 |    18 ||    69
Block: Other             |     2 |     4 ||     6
